Map: Turbo Cruise '84 LE

Players

Serral - Winner!

  • Race: Zerg Zerg
  • Spawn Location: 3:00

ShoWTimE

  • Race: Protoss Protoss
  • Spawn Location: 7:00

Event: 2019 WCS Summer

VOD

Have the link to the VOD?

Description

Time

  • Played on: July 14, 2019, 1:46 p.m.
  • Length: 8:36

All games in this series

Show
View Real Time Build Order
Export as new Build Order

Serral Zerg - Winner!

Build Orders: Hatch First 

Get SALT Encoding   

  12  0:00  Drone  
  13  0:13  Overlord  
  13  0:17  Drone  
  14  0:31  Drone x2  
  16  0:44  Drone  
  17  0:54  Hatchery  
  17  0:55  Drone  
  17  0:59  Drone  
  17  1:04  Extractor  
  17  1:14  Spawning Pool  
  16  1:18  Drone  
  16  1:20  Drone  
  18  1:29  Drone  
  19  1:39  Overlord  
  19  1:51  Drone  
  20  2:01  Queen  
  20  2:02  Zergling x2  
  20  2:03  Metabolic Boost  
  20  2:06  Zergling x2  
  24  2:09  Queen  
  24  2:12  Drone  
  27  2:20  Drone  
  28  2:30  Drone  
  29  2:37  Hatchery  
  29  2:40  Zergling x2  
  29  2:47  Queen  
  29  2:49  Zergling x2  
  32  2:52  Zergling x2  
  32  2:55  Zergling x2  
  32  2:58  Zergling x2  
  34  3:02  Overlord  
  34  3:05  Drone  
  34  3:13  Drone  
  34  3:16  Overlord  
  35  3:20  Drone  
  35  3:21  Drone x2  
  35  3:23  Drone  
  35  3:24  Drone  
  40  3:29  Spore Crawler  
  39  3:34  Spore Crawler  
  39  3:35  Drone  
  39  3:38  Drone  
  39  3:45  Queen  
  39  3:48  Drone  
  42  3:51  Drone  
  41  3:56  Zergling x4  
  41  4:00  Queen  
  45  4:05  Overlord  
  45  4:08  Drone  
  46  4:10  Drone  
  46  4:15  Drone, Spore Crawler  
  47  4:19  Drone x2  
  47  4:23  Zergling x4  
  50  4:25  Drone  
  50  4:28  Zergling x2  
  52  4:31  Drone x2  
  52  4:32  Drone  
  52  4:36  Roach Warren  
  52  4:38  Drone x2  
  56  4:42  Extractor  
  56  4:44  Drone x3  
  59  4:51  Overlord  
  59  4:52  Drone  
  58  4:55  Drone  
  58  4:56  Overlord  
  58  4:57  Extractor  
  58  4:59  Overlord  
  57  5:05  Overlord  
  57  5:15  Queen  
  57  5:17  Roach x4  
  57  5:20  Roach x2  
  70  5:26  Roach x2  
  74  5:31  Roach x3  
  80  5:41  Roach  
  80  5:42  Roach x3  
  86  5:49  Zergling x12  
  92  5:57  Overlord x2  
  92  5:59  Ravager x2  
  92  6:00  Ravager  
  92  6:02  Ravager  
  96  6:08  Zergling x2  
  96  6:17  Roach x5  
  106  6:30  Ravager  
  107  6:35  Zergling x16  
  107  6:39  Overlord x2  
  113  6:48  Overlord  
  113  6:51  Overlord  
  113  7:00  Zergling x12  
  117  7:03  Ravager  
  117  7:04  Ravager x3  
  117  7:06  Zergling x2  
  117  7:07  Zergling x8  
  125  7:16  Ravager  
  125  7:19  Zergling x6  
  103  7:30  Zergling x4  
  103  7:31  Zergling x2  
  95  7:38  Zergling x12  
  95  7:42  Queen x2  
  94  7:46  Ravager  
  91  7:53  Zergling x6  
  87  8:04  Zergling x6  
  81  8:09  Roach x2  
  84  8:14  Roach x4  
Show
View Real Time Build Order
Export as new Build Order

ShoWTimE Protoss 

Build Orders: 1 Gate Expand, Oracle Opening, Archon Immortal, Archon Drop 

Get SALT Encoding   

  12  0:00  Probe  
  13  0:13  Probe, Pylon  
  14  0:21  Probe  
  15  0:31  Probe  
  16  0:39  Gateway  
  16  0:43  Probe  
  16  0:49  Assimilator  
  17  0:55  Probe  
  18  1:08  Probe  
  19  1:20  Probe  
  20  1:26  Cybernetics Core  
  20  1:36  Nexus  
  20  1:43  Pylon  
  20  1:46  Probe  
  21  1:52  Assimilator, Adept  
  21  1:58  Probe  
  24  2:10  Probe  
  24  2:12  Adept  
  27  2:23  Probe  
  27  2:29  Stargate  
  28  2:35  Probe  
  29  2:38  Stalker, Warp Gate  
  29  2:47  Probe  
  29  2:49  Probe  
  33  2:59  Probe  
  33  3:01  Probe  
  35  3:06  Oracle  
  35  3:11  Probe  
  36  3:13  Probe  
  40  3:23  Probe  
  40  3:24  Pylon  
  40  3:25  Probe  
  42  3:29  Gateway  
  42  3:35  Probe, Assimilator  
  42  3:36  Assimilator  
  42  3:37  Probe  
  42  3:38  Oracle  
  44  3:47  Probe  
  48  3:49  Probe  
  49  3:59  Probe  
  49  4:01  Probe  
  51  4:04  Robotics Facility  
  51  4:11  Probe  
  51  4:13  Pylon  
  51  4:14  Probe, Twilight Council  
  53  4:24  Probe  
  54  4:29  Gateway  
  54  4:31  Probe, Gateway  
  55  4:36  Probe  
  56  4:43  Probe  
  57  4:45  Warp Prism  
  57  4:58  Templar Archives  
  59  5:03  Probe  
  59  5:06  Adept, Pylon  
  62  5:13  Pylon  
  62  5:16  Immortal  
  62  5:24  Probe x2  
  68  5:29  Nexus  
  68  5:31  Pylon  
  68  5:36  Probe x2, Pylon  
  68  5:39  High Templar x3  
  76  5:44  Archon, High Templar  
  76  5:48  Archon  
  76  5:49  Probe x2  
  80  5:50  Observer  
  81  6:01  Probe x2, Forge  
  83  6:05  Charge, Gateway  
  83  6:08  Gateway  
  83  6:10  Immortal  
  83  6:13  Sentry x2, Probe x2  
  92  6:25  Probe  
  92  6:32  Pylon  
  93  6:34  Pylon x2  
  93  6:38  Shield Battery, Immortal  
  93  6:42  Pylon  
  91  6:51  Cybernetics Core  
  95  6:54  Zealot x3  
  95  7:01  Zealot x2  
  105  7:08  Pylon  
  105  7:10  Immortal  
  103  7:20  Zealot  
  109  7:23  Zealot  
  109  7:26  Zealot  
  109  7:28  Zealot  
  91  7:41  Zealot  
  86  7:48  Zealot  
  77  7:55  Zealot x2  
  65  8:06  Zealot  
  65  8:12  Zealot  
  60  8:20  Zealot x2  
  53  8:31  Zealot  
Tags
 
Add a new tag
Caveats
  • Supply blocks, unpowered buildings, or Contaminate may cause inaccurate times.
  • Supply counts are checked every 10 seconds.